 Dungeon Crawl Stone Soup version 0.29-a0-284-gf9362112df (webtiles) character file.

Game seed: 1013876479886690031

4641 juncz the Frost Mage (level 10, -4/73 HPs)
             Began as a Green Draconian Ice Elementalist on Mar 16, 2022.
             Was a Believer of Vehumet.
             Killed from afar by a rakshasa (illusionary) (20 damage)
             ... with a lance of force
             ... on level 9 of the Dungeon.
             The game lasted 00:41:22 (9502 turns).

juncz the Frost Mage (DrIE)                         Turns: 9502, Time: 00:41:23

Health: -4/73      AC: 18    Str: 10    XL:     10   Next: 20%
Magic:  19/23      EV: 12    Int: 20    God:    Vehumet [**....]
Gold:   446        SH:  3    Dex: 16    Spells: 21/28 levels left

rFire   . . .      SeeInvis +   H - +5 hand axe "Ehed" {vorpal, rPois rN+ Dex+4 SInv}
rCold   . . .      Faith    .   L - +0 buckler
rNeg    + . .      Spirit   .   (body armour unavailable)
rPois   +          Reflect  .   (helmet restricted)
rElec   .          Harm     .   (no cloak)
rCorr   .          Rampage  .   I - +0 pair of gloves
Will    .....                   m - +0 pair of boots
Stlth   ++........              C - amulet of magic regeneration
HPRegen 0.22/turn               (no ring)
MPRegen 0.58/turn               (no ring)

@: lethally poisoned (-4 -> -16), ice-armoured, short of breath, freezing walls
A: breathe noxious fumes, AC +7, unfitting armour, poison resistance,
cold-blooded
a: Breathe Noxious Fumes, Renounce Religion


You were on level 9 of the Dungeon.
You worshipped Vehumet.
Vehumet was pleased with you.
You visited 2 branches of the dungeon, and saw 10 of its levels.
You also visited: Bailey.

You collected 446 gold pieces.

Inventory:

Hand Weapons
 c - a +1 club of electrocution
 e - a +0 spear
 g - a +6 club
 y - a +2 long sword of flaming
 H - the +5 hand axe "Ehed" (weapon) {vorpal, rPois rN+ Dex+4 SInv}
   (You found it in a bailey)

   It inflicts extra damage upon your enemies.
   Dex:       It affects your dexterity (+4).
   rPois:     It protects you from poison.
   rN:        It protects you from negative energy.
   SInv:      It lets you see invisible.
Missiles
 q - 197 stones (quivered)
 s - 2 throwing nets
 E - 40 poisoned darts
Armour
 m - a +0 pair of boots (worn)
 I - a +0 pair of gloves (worn)
 L - a +0 buckler (worn)
Magical Staves
 k - a staff of conjuration
Jewellery
 C - an amulet of magic regeneration (around neck)
 D - an amulet of faith
Wands
 l - a wand of digging (7)
 p - a wand of polymorph (11)
 r - a wand of acid (17)
 v - a wand of flame (21)
 G - a wand of charming (2)
 K - a wand of iceblast (2)
Scrolls
 h - a scroll of brand weapon
 i - 4 scrolls of teleportation
 u - a scroll of holy word
 z - 2 scrolls of blinking
 F - 2 scrolls of enchant armour {unknown}
 J - a scroll of noise {unknown}
Potions
 a - 2 potions of magic
 f - 6 potions of curing
 j - a potion of resistance
 n - a potion of heal wounds
 t - a potion of mutation {unknown}
 w - 3 potions of berserk rage {unknown}
 x - a potion of might {unknown}
 A - 2 potions of attraction {unknown}
 B - 2 potions of brilliance {unknown}


   Skills:
 - Level 2.3 Fighting
 - Level 1.9 Dodging
 - Level 2.0 Stealth
 + Level 9.8 Spellcasting
 + Level 11.2 Ice Magic


You had 21 spell levels left.
You knew the following spells:

 Your Spells              Type           Power      Damage    Failure   Level
a - Freeze                Ice            100%       1d11      1%          1
b - Frozen Ramparts       Ice            100%       1d12      1%          3
c - Ozocubu's Armour      Ice            53%        N/A       1%          3

Your spell library contained the following spells:

 Spells                   Type           Power      Damage    Failure   Level
 Poisonous Vapours        Pois/Air       18%        N/A       14%         2
 Animate Skeleton         Necr           18%        N/A       10%         1
 Magic Dart               Conj           36%        1d4       10%         1
 Pain                     Necr           36%        1d5       10%         1
 Hailstorm                Conj/Ice       32%        3d8       10%         4
 Ice Form                 Ice/Tmut       32%        N/A       10%         4
 Call Imp                 Summ           9%         N/A       14%         2
 Mephitic Cloud           Conj/Pois/Air  9%         N/A       28%         3
 Tukima's Dance           Hex            9%         N/A       28%         3
 Vampiric Draining        Necr           9%         2d6       28%         3
 Anguish                  Hex/Necr       4%         N/A       67%         4
 Simulacrum               Ice/Necr       16%        N/A       83%         6
 Enfeeble                 Hex            4%         N/A       100%        7
 Polar Vortex             Ice            26%        N/A       100%        9


Dungeon Overview and Level Annotations

Branches:
Dungeon (9/15)             Temple (1/1) D:5          Bailey (visited)
   Lair: D:8-11         Orc: D:9-12

Altars:
Ashenzari
Cheibriados
Dithmenos
Elyvilon
Fedhas
Gozag
Hepliaklqana
Kikubaaqudgha
Makhleb
Nemelex Xobeh
Okawaru
Qazlal
Ru
Sif Muna
Trog
Uskayaw
Vehumet
Wu Jian
Xom
The Shining One

Shops:
D:2 [

Annotations:
D:9 1 transporter, boltboy's ghost, weakling FoFi


Innate Abilities, Weirdness & Mutations

You can breathe blasts of noxious fumes.
Your lurid green scales are hard. (AC +7)
You cannot fit into any form of body armour.
Your system is resistant to poisons. (rPois)
You are cold-blooded and may be slowed by cold attacks.


Message History

An orc priest comes into view. It is wielding a +0 flail.
You are too injured to fight recklessly!
Casting: Ozocubu's Armour (safe; 1% risk of failure)
Confirm with . or Enter, or press ? or * to list all spells.
Aiming: Freeze (safe; 1% risk of failure)
Press: ? - help, Shift-Dir - straight line, f - rakshasa
Aim: a rakshasa, wielding a +0 long sword and wearing a +0 robe (lightly wounded)
You freeze the rakshasa!
The rakshasa is moderately wounded.
The orc wizard mumbles some strange words.
The orc wizard flickers and vanishes for a moment.
The wall freezes the rakshasa!
The rakshasa closely misses you.
Casting: Freeze (safe; 1% risk of failure)
Confirm with . or Enter, or press ? or * to list all spells.
Aiming: Freeze (safe; 1% risk of failure)
Press: ? - help, Shift-Dir - straight line, f/p - rakshasa
Aim: a rakshasa, wielding a +0 long sword and wearing a +0 robe (heavily wounded)
You freeze the rakshasa!
The rakshasa is heavily wounded.
The injured rakshasa weaves a defensive illusion!
The wall freezes the rakshasa.
The rakshasa closely misses you.
The wall freezes the rakshasa.
The rakshasa barely misses you.
Casting: Freeze (safe; 1% risk of failure)
Confirm with . or Enter, or press ? or * to list all spells.
Aiming: Freeze (safe; 1% risk of failure)
Press: ? - help, Shift-Dir - straight line, f - rakshasa
Aim: a rakshasa, wielding a +0 long sword and wearing a +0 robe (severely wounded)
You freeze the rakshasa.
The rakshasa is severely wounded.
The wall freezes the two-headed ogre!
The two-headed ogre barely misses you.
The two-headed ogre hits you with a +0 giant club.
* * * LOW HITPOINT WARNING * * *
The wall freezes the orc wizard.
The orc wizard hits you with a +1 dagger of venom.
* * * LOW HITPOINT WARNING * * *
You are poisoned.
The wall freezes the rakshasa.
The rakshasa gestures at you. The lance of force hits you!!
You die...

###############
#.............######.
#....................
#.................... .
#..................... ..
#.....................
..####.....................
...............R@O.........
.......<.......R#o.........
...............R#).........
...............###.........
...............# #.........
####..........## ##..o.....
.e8##.........# #........
WcYD#........## ##.......
...c#........# .......


You could see 3 rakshasas, a two-headed ogre, an orc priest and an orc wizard
(invisible).

Vanquished Creatures
  Pikel (D:7)
  Maggie (D:6)
  A steam dragon (D:9)
  A water moccasin (D:8)
  2 sky beasts
  A black bear (D:4)
  An ice beast (D:6)
  3 ogres
  6 orc warriors
  4 centaurs
  A lemure (D:7)
  A phantom (D:6)
  9 kobold brigands
  4 bullfrogs
  A necrophage (D:7)
  4 scorpions
  3 killer bees (D:7)
  4 howler monkeys
  2 hounds
  A jelly (D:5)
  An orc priest (D:6)
  Jessica (D:3)
  5 iguanas
  7 orc wizards
  5 adders
  7 gnolls
  An ufetubus (D:6)
  4 worms
  4 dart slugs
  24 orcs
  8 ball pythons
  5 bats
  6 endoplasms
  4 giant cockroaches
  9 goblins
  7 hobgoblins
  3 quokkas
  2 frilled lizards (D:2)
  33 kobolds
  10 rats
197 creatures vanquished.

Vanquished Creatures (others)
  3 plants
3 creatures vanquished.

Grand Total: 200 creatures vanquished

Notes
Turn   | Place    | Note
-------+----------+-------------------------------------------
     0 | D:1      | juncz the Draconian Ice Elementalist began the quest for
                  | the Orb.
     0 | D:1      | Reached XP level 1. HP: 14/14 MP: 3/3
   320 | D:1      | Reached XP level 2. HP: 20/20 MP: 5/5
   772 | D:1      | Found a faded altar of an unknown god.
   930 | D:1      | Reached XP level 3. HP: 26/26 MP: 3/6
   934 | D:1      | Learned a level 3 spell: Frozen Ramparts
   938 | D:1      | Learned a level 3 spell: Ozocubu's Armour
  1497 | D:2      | Reached skill level 1 in Fighting
  1540 | D:2      | Found Jouvinao's Antique Armour Shop.
  1860 | D:2      | Reached XP level 4. HP: 34/35 MP: 4/8
  2478 | D:3      | Reached XP level 5. HP: 35/41 MP: 3/9
  2521 | D:3      | Reached skill level 5 in Ice Magic
  2644 | D:3      | Noticed Jessica
  2646 | D:3      | Found a sparkling altar of Nemelex Xobeh.
  2655 | D:3      | Killed Jessica
  2807 | D:3      | Found a white marble altar of Elyvilon.
  3457 | D:3      | Found Fixemu's Distillery.
  3710 | D:4      | Noticed a black bear
  3742 | D:4      | Killed a black bear
  3743 | D:4      | Reached XP level 6. HP: 28/48 MP: 2/12
  3931 | D:4      | Found a hide-covered altar of Uskayaw.
  4026 | D:4      | Reached skill level 6 in Ice Magic
  4556 | D:5      | Entered Level 5 of the Dungeon
  4582 | D:5      | Your scales start taking on a lurid green colour.
  4582 | D:5      | Reached XP level 7. HP: 50/55 MP: 6/14
  4582 | D:5      | Gained mutation: Your system is resistant to poisons.
                  | (rPois) [Green Draconian growth]
  4712 | D:5      | Found a staircase to the Ecumenical Temple.
  4721 | D:5      | Reached skill level 5 in Spellcasting
  4740 | Temple   | Entered the Ecumenical Temple
  4846 | Temple   | Became a worshipper of Vehumet
  5237 | D:5      | Reached skill level 7 in Ice Magic
  5537 | D:6      | Noticed Maggie
  5867 | D:6      | Identified the +1 chain mail of Zaddoit {Rampage rC+}
  5889 | D:6      | Reached XP level 8. HP: 33/61 MP: 13/17
  6122 | D:6      | Killed Maggie
  6123 | D:6      | Reached skill level 8 in Ice Magic
  6464 | D:6      | Found an opulent altar of Gozag.
  6821 | D:6      | Reached * piety under Vehumet
  6821 | D:6      | Offered knowledge of Shock by Vehumet.
  7088 | D:7      | Found a flagged portal.
  7098 | D:7      | Reached skill level 9 in Ice Magic
  7121 | Bailey   | Entered a bailey
  7146 | Bailey   | Reached XP level 9. HP: 56/67 MP: 18/20
  7857 | Bailey   | Found a burning altar of Makhleb.
  7874 | Bailey   | Identified the +5 hand axe "Ehed" {vorpal, rPois rN+ Dex+4
                  | SInv}
  7927 | D:7      | Offered knowledge of Searing Ray by Vehumet.
  7929 | D:7      | Reached ** piety under Vehumet
  7943 | D:7      | Found a shadowy altar of Dithmenos.
  7962 | D:7      | Reached skill level 10 in Ice Magic
  8383 | D:7      | Found a glowing golden altar of the Shining One.
  8410 | D:7      | Found a broken altar of Ashenzari.
  8543 | D:7      | Noticed Pikel
  8555 | D:7      | Killed Pikel
  8817 | D:8      | Got the Incunabulum of the Glacier
  8881 | D:8      | Reached XP level 10. HP: 73/73 MP: 23/23
  9030 | D:8      | Offered knowledge of Poisonous Vapours by Vehumet.
  9095 | D:8      | Found a bloodstained altar of Trog.
  9138 | D:8      | Reached skill level 11 in Ice Magic
  9182 | D:8      | Found a stormy altar of Qazlal.
  9187 | D:8      | Found a blossoming altar of Fedhas.
  9433 | D:9      | Noticed a deep elf pyromancer
  9434 | D:9      | Found a transporter.
  9434 | D:9      | Noticed boltboy's ghost (weakling FoFi)
  9434 | D:9      | Noticed a centaur warrior
  9491 | D:9      | Noticed a rakshasa
  9496 | D:9      | Noticed a two-headed ogre
  9502 | D:9      | Killed from afar by a rakshasa (illusionary)

Illustrated notes

Levels and vault maps discovered:
D:1:      ncdulo_halloftheorcs, layout_loops_ring,
          shapermc_ecumenical_altar_mp_highgroup
D:2:      layout_rooms, serial_shops, nicolae_shop_statue_plus
D:3:      layout_rooms, mainiacjoe_overflow_tiny_flanked,
          nicolae_elyvilon_temple_path, serial_shops, nicolae_lakefront_shop,
          uniq_jessica
D:4:      layout_basic, mainiacjoe_overflow_small_starburst
D:5:      layout_gridville, minmay_temple_entry_gardened_gates
D:6:      layout_loops_ring, grunt_gozag_statues, uniq_maggie
D:7:      layout_gridville, old_standard_altar, ashenzari_altar_1,
          tso_oasis_becter, enter_bailey_2, uniq_pikel
D:8:      layout_rooms, fedhas_bush_and_centaur_altar, grunt_qazlal_sundering,
          mainiacjoe_overflow_24_doors
D:9:      minmay_diamond_stairs, layout_irregular_city, gammafunk_ghost_arena,
          moated_statue
Temple:   cyrus_temple_forest

Skill      XL: |  1  2  3  4  5  6  7  8  9 10 |
---------------+-------------------------------+-----
Stealth        | 2 |  2.0
Fighting       | 1 2 |  2.3
Spellcasting   | 3 4 6 7 9 |  9.8
Ice Magic      | 5 6 7 9 10 11 | 11.2
Dodging        | |  1.9

Action                   |  1- 3 |  4- 6 |  7- 9 | 10-12 || total
-------------------------+-------+-------+-------+-------++-------
Melee: Club              |    14 |    38 |    62 |       ||   114
       Tailslap          |     1 |     8 |     9 |     2 ||    20
       Staff             |       |    12 |       |       ||    12
       Punch             |       |     1 |     1 |       ||     2
       Spear             |       |     3 |       |       ||     3
       Hand axe          |       |       |    24 |    20 ||    44
Throw: Stone             |       |     2 |    14 |     5 ||    21
 Cast: Freeze            |    42 |     6 |    10 |     4 ||    62
       Frozen Ramparts   |    11 |    35 |    47 |    11 ||   104
       Ozocubu's Armour  |     1 |     1 |    14 |     2 ||    18
 Abil: Breathe Noxious F |       |       |     5 |     1 ||     6
  Use: Scroll            |       |     5 |     2 |     4 ||    11
       Potion            |       |       |       |     1 ||     1
 Stab: Sleeping          |     2 |       |       |       ||     2
Armor: Skin              |     6 |    15 |    57 |    19 ||    97
Dodge: Dodged            |    28 |    25 |    76 |    19 ||   148
Block: Buckler           |       |       |     4 |     8 ||    12

Table legend: (Time is in decaauts)
 A = Elapsed time spent in this place.
 B = Non-inter-level travel time spent in this place.
 C = Inter-level travel time spent in this place.
 D = Time resting spent in this place.
 E = Time spent auto-exploring this place.
 F = Levels seen in this place.
 G = Mean time per level.
                   A        B        C        D        E       F      G
               +--------+--------+--------+--------+--------+-----+--------+
         Total |   9561 |   9192 |    369 |   1498 |   6000 |  11 |  869.2 |
       Dungeon |   8643 |   8309 |    334 |    979 |   5861 |   9 |  960.3 |
        Temple |    141 |    106 |     35 |      0 |     89 |   1 |  141.0 |
        Bailey |    776 |    776 |      0 |    519 |     50 |   1 |  776.0 |
               +--------+--------+--------+--------+--------+-----+--------+

Top non-repeatable levels by time:
     D:6: 1463 daAuts
     D:3: 1397 daAuts
     D:2: 1166 daAuts
     D:1: 1122 daAuts
     D:7: 1002 daAuts
     D:4: 885 daAuts
     D:5: 877 daAuts
  Bailey: 776 daAuts
     D:8: 657 daAuts
  Temple: 141 daAuts
     D:9: 71 daAuts
